 Dungeon Crawl Stone Soup version 0.23-a0-625-g1d2cd9b (webtiles) character file.

84149 Matador8 the Nimble (level 15, -5/124 HPs)
             Began as a Merfolk Transmuter on Dec 23, 2018.
             Was a High Priest of Nemelex Xobeh.
             Slain by an alligator (11 damage)
             ... on level 2 of the Swamp on Dec 24, 2018.
             The game lasted 05:38:43 (38601 turns).

Matador8 the Nimble (Merfolk Transmuter)           Turns: 38601, Time: 05:38:43

Health: -5/124     AC: 16    Str: 12    XL:     15   Next: 79%
Magic:  20/24      EV: 18    Int: 19    God:    Nemelex Xobeh [*****.]
Gold:   2362       SH:  3    Dex: 19    Spells: 15/26 levels left

rFire    . . .     SeeInvis .     - Unarmed
rCold    . . .     Gourm    .   (no shield)
rNeg     . . .     Faith    .   H - +4 scale mail "Wuhul" {Int+3 Dex+3}
rPois    +         Spirit   .   i - +1 hat
rElec    .         Reflect  +   y - +0 cloak
rCorr    .         Harm     .   (no gloves)
MR       ++...                  V - +1 pair of boots {run}
Stlth    ..........             G - +3 amulet of reflection
HPRegen  0.30/turn              P - ring of protection from magic
MPRegen  0.19/turn              R - ring of poison resistance

@: quick
A: change form in water, swift swim, stealthy swim
a: Draw Escape, Draw Destruction, Draw Summoning, Draw Stack, Triple Draw, Deal
Four, Stack Five, Renounce Religion


You were on level 2 of the Swamp.
You worshipped Nemelex Xobeh.
Nemelex Xobeh was extremely pleased with you.
You were not hungry.

You visited 5 branches of the dungeon, and saw 25 of its levels.
You also visited: Sewer and Ossuary.

You collected 2362 gold pieces.

Inventory:

Hand Weapons
 a - a +1 longbow of flaming
Missiles
 u - 198 arrows
 K - 5 throwing nets (quivered)
Armour
 i - a +1 hat (worn)
 x - +0 ice dragon scales
 y - a +0 cloak (worn)
 B - a +0 buckler
 H - the +4 scale mail "Wuhul" (worn) {Int+3 Dex+3}
   (You took it off a crimson imp on level 8 of the Dungeon)

   It affects your intelligence (+3).
   It affects your dexterity (+3).
 V - a +1 pair of boots of running (worn)
 X - +0 fire dragon scales
Jewellery
 G - a +3 amulet of reflection (around neck)
 I - an uncursed amulet of the gourmand {unknown}
 P - a ring of protection from magic (left hand)
 R - a ring of poison resistance (right hand)
Wands
 c - a wand of scattershot (10)
 o - a wand of iceblast (17)
 A - a wand of enslavement (5)
 F - a wand of flame (27)
 J - a wand of disintegration (14)
 Y - a wand of acid (13)
Scrolls
 e - 10 scrolls of remove curse
 f - 5 scrolls of teleportation
 l - 5 scrolls of fear
 m - a scroll of identify
 p - a scroll of holy word {unknown}
 z - a scroll of immolation
 D - 5 scrolls of fog
 E - a scroll of acquirement
 L - a scroll of vulnerability {unknown}
 M - a scroll of summoning {unknown}
 T - a scroll of torment {unknown}
Potions
 g - a potion of invisibility {unknown}
 h - a potion of flight
 k - a potion of resistance {unknown}
 n - 5 potions of agility
 q - 2 potions of mutation
 r - 4 potions of brilliance
 s - 5 potions of might
 t - 13 potions of curing
 v - a potion of ambrosia {unknown}
 w - 4 potions of haste
 C - a potion of berserk rage
 O - 2 potions of magic
Miscellaneous
 b - a phial of floods (inert)
Comestibles
 d - 18 rations


   Skills:
 + Level 13.2 Fighting
 - Level 5.1 Bows
 + Level 6.0 Armour
 + Level 14.1 Dodging
 + Level 12.6 Unarmed Combat
 - Level 6.4 Spellcasting
 - Level 13.2 Transmutations
 - Level 10.6 Invocations
 - Level 6.2 Evocations


You had 15 spell levels left.
You knew the following spells:

 Your Spells              Type           Power        Failure   Level  Hunger
a - Beastly Appendage     Tmut           ######       1%          1    None
b - Sticks to Snakes      Tmut           ######..     1%          2    None
c - Spider Form           Tmut/Pois      ####......   10%         3    ##.....
d - Blade Hands           Tmut           ######....   5%          5    #####..

Your spell library contained the following spells:

 Spells                   Type           Power        Failure   Level  Hunger
 Ice Form                 Ice/Tmut       ####....     30%         4    ####...
 Confusing Touch          Hex            #.....       43%         1    None
 Corona                   Hex            #......      43%         1    None
 Freeze                   Ice            #...         43%         1    None
 Infusion                 Chrm           #...         43%         1    None
 Shock                    Conj/Air       #...         43%         1    None
 Summon Butterflies       Summ           #.......     43%         1    None
 Summon Small Mammal      Summ           #...         43%         1    None
 Call Imp                 Summ           #.......     56%         2    None
 Shroud of Golubria       Chrm/Tloc      #.........   56%         2    None
 Slow                     Hex            #.......     56%         2    None
 Song of Slaying          Chrm           #.......     56%         2    None
 Swiftness                Chrm/Air       #.......     56%         2    None
 Throw Frost              Conj/Ice       #.....       56%         2    None
 Call Canine Familiar     Summ           #.......     80%         3    ##.....
 Inner Flame              Hex/Fire       #.......     80%         3    ##.....
 Ozocubu's Armour         Chrm/Ice       #.......     80%         3    ##.....
 Portal Projectile        Hex/Tloc       #.....       80%         3    ##.....
 Regeneration             Chrm/Necr      #.........   80%         3    ##.....
 Spectral Weapon          Hex/Chrm       #.......     80%         3    ##.....
 Static Discharge         Conj/Air       #.......     80%         3    ##.....
 Summon Guardian Golem    Hex/Summ       #.......     80%         3    ##.....
 Tukima's Dance           Hex            #.......     80%         3    ##.....
 Airstrike                Air            #.........   99%         4    ####...
 Cause Fear               Hex            #.........   99%         4    ####...
 Leda's Liquefaction      Hex/Erth       #.........   99%         4    ####...
 Summon Ice Beast         Ice/Summ       #.......     99%         4    ####...
 Summon Lightning Spire   Summ/Air       #.......     99%         4    ####...
 Throw Icicle             Conj/Ice       #.......     99%         4    ####...
 Lightning Bolt           Conj/Air       #.........   100%        5    #####..
 Malign Gateway           Summ/Tloc      #.........   100%        7    #######
 Spellforged Servitor     Conj/Summ      #.........   100%        7    #######


Dungeon Overview and Level Annotations

Branches:
Dungeon (15/15)            Temple (1/1) D:4            Lair (4/6) D:9
  Swamp (3/4) Lair:2        Snake (0/4) Lair:2          Orc (2/2) D:10
    Elf (0/3) Orc:2        Vaults (0/5) D:14         Depths (0/5) D:15

Altars:
Ashenzari
Cheibriados
Dithmenos
Elyvilon
Fedhas
Gozag
Hepliaklqana
Kikubaaqudgha
Makhleb
Nemelex Xobeh
Okawaru
Qazlal
Ru
Sif Muna
Trog
Uskayaw
Vehumet
Wu Jian
Xom
Yredelemnul
Zin
The Shining One
Beogh

Shops:
D:5 =   D:12 *   D:13 [   Orc:1 %   Orc:2 %*(:

Annotations:
Lair:3 3 runed doors, zkyp's ghost, journeyman TeGl
Lair:4 exclusion: 3 oklob plants
Swamp:3 exclusion: Roxanne, Jorgrun; Roxanne


Message History

Okay, then.
Your adder bites the alligator but does no damage.
The alligator bites your adder.
The alligator completely misses your adder.
Your legs become a tail as you enter the water.
Your +1 pair of boots of running melds into your body.
The alligator closely misses your adder.
The alligator tail-slaps your adder.
Your +1 pair of boots of running unmelds from your body.
You feel quick.
Your adder bites the alligator.
The alligator is poisoned.
Your adder poisons the alligator!
Something bites your adder!
Your adder dies!
Press: ? - help, v - describe, . - travel
Here: an alligator (heavily wounded, poisoned, covering ground quickly) Some shallow water.
The sentinel's mark upon you fades away.
The alligator completely misses you. x2
The alligator bites you!
You die...
Your body glows with a rainbow of weird colours and disappears.

♣≈≈≈≈≈≈.≈≈≈≈≈≈.≈≈..♣ ♣≈.≈≈.♣≈.≈.
♣≈≈.♣≈.≈≈≈≈≈≈).....♣ ♣♣♣..≈.♣≈..
♣.≈≈♣♣.≈≈≈≈≈[.....♣♣♣♣♣♣...≈≈....
♣♣♣♣♣.≈≈≈≈≈≈≈≈≈<♣♣.≈≈♣..≈≈≈.†....
♣ ♣.≈≈≈≈≈≈≈≈≈≈.♣♣≈≈......≈..≈.≈≈
♣ ♣♣≈≈≈..≈≈≈≈§..♣♣..≈≈..≈.≈♣♣.§.≈
♣ ♣≈≈≈≈.....≈≈≈.♣≈≈♣≈≈.♣.♣♣♣♣♣♣..
♣ ♣.§≈≈≈≈....≈≈≈..♣≈..♣♣♣♣§♣≈♣♣♣♣
♣♣.≈≈≈≈(...≈≈≈@t....♣♣.≈(≈.≈.♣♣
♣...≈..≈♣.≈≈≈..t.≈≈♣.≈.♣§♣♣..♣
♣.♣....≈♣...≈♣≈...≈♣≈t♣≈>♣♣≈†.
♣.≈≈...♣♣≈≈....≈....♣..♣♣.♣♣≈.≈
♣≈≈≈.≈.♣♣♣♣♣.≈≈≈....≈..≈♣♣>♣≈.†♣
♣♣♣♣♣♣♣♣ ♣.≈≈≈...≈≈≈♣.≈♣♣≈♣.≈.♣
♣≈......≈≈.♣♣.≈.≈.≈.♣♣
♣♣..≈..≈≈≈.♣♣♣♣≈♣≈♣♣♣.
♣.≈≈..≈≈≈.♣ ♣♣♣♣♣♣..


You could see 2 alligators.

Vanquished Creatures
  3 thorn hunters
  A ghoul (Swamp:2)
  A spark wasp (Swamp:1)
  2 fire dragons (D:15)
  Snorg (D:10)
  An ettin (Swamp:1)
  Erolcha (Orc:2)
  A vault guard (D:14)
  2 ogre magi (Orc:2)
  Fannar (Lair:3)
  5 hydras
  2 ghost crabs
  A centaur warrior (D:14)
  11 two-headed ogres
  An orc high priest (Orc:1)
  5 alligators
  A deep troll (Orc:2)
  An unseen horror (D:13)
  3 swamp dragons
  2 necromancers (D:14)
  2 ugly things
  A deep elf mage (D:15)
  An orc sorcerer (D:10)
  5 cyclopes
  3 centaur zombies
  2 black mambas
  7 spiny frogs
  Psyche (D:12)
  A rime drake (Lair:3)
  6 komodo dragons
  An efreet (D:14)
  13 trolls
  3 tyrant leeches
  A hornet (Swamp:1)
  18 slime creatures
  7 blink frogs
  3 hippogriffs
  11 bog bodies
  A wraith (D:10)
  5 shadows
  3 wyverns
  A wyvern (shapeshifter) (D:15)
  2 basilisks
  16 humans (D:14)
  17 yaks
  12 vampire mosquitoes
  A warg (D:10)
  6 swamp worms
  4 nagas
  8 water moccasins
  2 porcupines
  3 swamp drakes (Swamp:2)
  18 orc warriors
  3 ice beasts
  4 necrophages
  19 ogres
  4 phantoms
  13 centaurs
  A boggart (D:15)
  A wolf (D:8)
  A crocodile (D:12)
  Blork the orc (D:5)
  A big kobold (D:13)
  10 bullfrogs
  A wyvern zombie (D:10)
  A scorpion (D:10)
  10 killer bees (D:12)
  5 wights
  2 electric eels (Lair:2)
  A howler monkey (D:5)
  12 crimson imps
  A bullfrog zombie (D:11)
  9 hounds
  3 jellies
  19 orc wizards
  2 bullfrog skeletons
  4 centaur skeletons
  An iguana (D:7)
  13 orc priests
  6 worker ants
  5 big kobold zombies (Ossuary)
  A mummy (Ossuary)
  A worker ant zombie (D:5)
  13 adders
  6 gnolls
  4 river rats (Sewer)
  8 shadow imps
  An adder skeleton (D:7)
  6 worms
  A dart slug (D:3)
  7 leopard geckos
  84 orcs
  5 spectral bats (Ossuary)
  4 ball pythons
  9 bats
  8 giant cockroaches
  7 gnoll zombies (Ossuary)
  11 goblins
  8 hobgoblins
  6 jackals
  18 kobolds
  4 quokkas
  4 bat simulacra (Ossuary)
  4 frilled lizards
  4 goblin zombies (Ossuary)
  4 hobgoblin zombies
  3 kobold simulacra (Ossuary)
  4 kobold zombies (Ossuary)
  A leopard gecko zombie (D:7)
  4 orc zombies
  2 quokka skeletons
  27 rats
  6 rat simulacra (Ossuary)
  A spectral goblin (Ossuary)
  3 spectral kobolds (Ossuary)
  2 spectral rats (Ossuary)
  3 briar patches (Swamp:1)
668 creatures vanquished.

Vanquished Creatures (collateral kills)
  Gastronok (Lair:2)
  Frances (D:12)
  A fire giant (D:15)
  Louise (Swamp:2)
  Nessos (D:12)
  The ghost of Gareihy the Thaumaturge, a journeyman GnWr of Uskayaw (Lair:1)
  Harold (Lair:2)
  3 hydras
  A vault guard (D:14)
  2 centaur warriors
  A satyr (Lair:4)
  3 two-headed ogres
  Urug (D:11)
  A wizard (D:14)
  A deep troll (Orc:2)
  An orc knight (D:10)
  A deep elf mage (D:14)
  2 spiny frogs
  A troll (Orc:1)
  2 blink frogs (Lair:4)
  4 bog bodies
  A spriggan (Swamp:1)
  A yak (D:12)
  3 humans (D:14)
  Grum (D:8)
  A swamp worm (Lair:2)
  2 wargs
  3 orc warriors
  An ice beast (D:6)
  A necrophage (Swamp:2)
  2 wolves (D:8)
  4 boggarts (D:15)
  9 ogres
  3 centaurs
  5 wights
  3 orc priests
  Ijyb (D:3)
  An iguana (D:9)
  A worker ant (D:7)
  A mummy (D:6)
  4 gnolls
  3 adders
  An ooze (D:6)
  A worm (D:2)
  15 orcs
  A goblin (D:2)
  A hobgoblin (D:3)
  6 jackals
  2 ball pythons (Sewer)
  A frilled lizard (D:1)
  A goblin zombie (Ossuary)
  A hobgoblin zombie (Ossuary)
  4 kobolds
  2 orc zombies (Ossuary)
  A rat (D:1)
119 creatures vanquished.

Vanquished Creatures (others)
  A rime drake (Lair:4)
  A ball lightning (Lair:3)
  A quokka zombie (D:7)
  A spectral kobold (Ossuary)
  A spectral rat (Ossuary)
  A fungus (Lair:2)
  A plant (Lair:4)
7 creatures vanquished.

Grand Total: 794 creatures vanquished

Notes
Turn   | Place    | Note
-------+----------+-------------------------------------------
     0 | D:1      | Matador8 the Merfolk Transmuter began the quest for the
                  | Orb.
     0 | D:1      | Reached XP level 1. HP: 15/15 MP: 3/3
    73 | D:1      | Reached XP level 2. HP: 21/21 MP: 5/5
    77 | D:1      | Learned a level 2 spell: Sticks to Snakes
   145 | D:1      | Found a snail-covered altar of Cheibriados.
   232 | D:1      | Reached XP level 3. HP: 18/26 MP: 2/6
  1054 | D:2      | Reached XP level 4. HP: 32/32 MP: 5/7
  1059 | D:2      | Learned a level 3 spell: Spider Form
  1919 | D:3      | Found a glowing drain.
  1948 | Sewer    | Entered a sewer
  1980 | Sewer    | Reached skill level 5 in Transmutations
  1983 | Sewer    | Reached XP level 5. HP: 30/37 MP: 3/8
  2331 | Sewer    | Reached skill level 5 in Unarmed Combat
  2913 | D:3      | Found a radiant altar of Vehumet.
  2918 | D:3      | Found a basalt altar of Yredelemnul.
  2918 | D:3      | Found a white marble altar of Elyvilon.
  3085 | D:3      | Noticed an ice beast
  3531 | D:3      | Noticed Ijyb
  3559 | D:3      | Killed Ijyb
  3559 | D:3      | Reached XP level 6. HP: 37/43 MP: 4/9
  3571 | D:3      | Found a snail-covered altar of Cheibriados.
  3575 | D:3      | Found a sacrificial altar of Ru.
  3716 | D:3      | Found a faded altar of an unknown god.
  4085 | D:3      | Killed an ice beast
  4422 | D:4      | Noticed a phantom
  4748 | D:4      | Reached XP level 7. HP: 48/48 MP: 3/10
  4927 | D:4      | Found a staircase to the Ecumenical Temple.
  4938 | Temple   | Entered the Ecumenical Temple
  4973 | Temple   | Became a worshipper of Nemelex Xobeh the Trickster
  5145 | D:4      | Reached skill level 1 in Invocations
  5426 | D:5      | Entered Level 5 of the Dungeon
  5426 | D:5      | Received a gift from Nemelex Xobeh
  6017 | D:5      | Reached XP level 8. HP: 24/56 MP: 8/12
  6337 | D:5      | Found an opulent altar of Gozag.
  6338 | D:5      | Noticed Blork the orc
  6358 | D:5      | Killed Blork the orc
  6409 | D:5      | Found Burauten's Jewellery Shoppe.
  6694 | D:6      | Reached * piety under Nemelex Xobeh
  6758 | D:6      | Identified the +2 long sword "Utwoawoi" {venom, *Slow rF+
                  | Dex+2}
  6937 | D:6      | Found a sand-covered staircase.
  6949 | Ossuary  | Entered an ossuary
  7481 | Ossuary  | Received a gift from Nemelex Xobeh
  7579 | D:6      | Found a shattered altar of Ashenzari.
  7672 | D:6      | Reached skill level 5 in Invocations
  7696 | D:6      | Identified the -2 hand axe "Axotz" {freeze, rElec rPois
                  | rF++ Str+3}
  7701 | D:6      | Reached XP level 9. HP: 23/66 MP: 15/15
  8063 | D:6      | Learned a level 5 spell: Blade Hands
  8455 | D:7      | Reached skill level 5 in Fighting
  8476 | D:7      | Reached ** piety under Nemelex Xobeh
  8701 | D:7      | Received a gift from Nemelex Xobeh
  9210 | D:7      | Found a glowing silver altar of Zin.
  9210 | D:7      | Noticed an angel
  9472 | D:8      | Noticed Prince Ribbit
  9473 | D:8      | Noticed Prince Ribbit
  9473 | D:8      | Prince Ribbit changed into Prince Ribbit the naga
  9484 | D:8      | Killed Prince Ribbit the naga
  9598 | D:8      | Noticed Grum
  9622 | D:8      | Killed Grum
 10118 | D:8      | Received a gift from Nemelex Xobeh
 10187 | D:8      | Identified the +4 scale mail "Wuhul" {Int+3 Dex+3}
 10345 | D:8      | Found a blossoming altar of Fedhas.
 10423 | D:8      | Found an ornate altar of the Wu Jian Council.
 10483 | D:9      | Found a shattered altar of Ashenzari.
 10497 | D:9      | Reached skill level 10 in Transmutations
 10553 | D:9      | Reached XP level 10. HP: 74/74 MP: 14/16
 10609 | D:9      | Identified the +10 short sword "Ruclosh" {pierce, -Tele
                  | rPois rF+ Int+3 Dex+2}
 10624 | D:9      | Found a shimmering altar of Xom.
 10624 | D:9      | Found a shimmering altar of Xom.
 10625 | D:9      | Found a shimmering altar of Xom.
 10640 | D:9      | Found a staircase to the Lair.
 10640 | D:9      | Noticed a +0 hand axe
 10643 | D:9      | Found a shimmering altar of Xom.
 10643 | D:9      | Found a shimmering altar of Xom.
 10643 | D:9      | Found a shimmering altar of Xom.
 10649 | D:9      | Noticed a two-headed ogre
 10691 | D:9      | Killed a two-headed ogre
 10691 | D:9      | Reached skill level 1 in Armour
 11088 | D:9      | Upgraded the game from 0.23-a0-622-g59b4ea9 to
                  | 0.23-a0-625-g1d2cd9b
 11113 | D:9      | Noticed a +0 dagger
 11171 | D:9      | Received a gift from Nemelex Xobeh
 11188 | D:9      | Found a hide-covered altar of Uskayaw.
 11221 | D:9      | Noticed a guardian serpent
 11221 | D:9      | Noticed a salamander
 11221 | D:9      | a guardian serpent changed into a salamander
 11231 | D:9      | a salamander changed into an eye of draining
 11321 | D:10     | Entered Level 10 of the Dungeon
 11508 | D:10     | Noticed a centaur warrior
 11513 | D:10     | Identified the -1 hand axe of the Big Fish {chop, Fragile
                  | rF+ rC+ Int+4}
 11521 | D:10     | Killed a centaur warrior
 11705 | D:10     | Reached *** piety under Nemelex Xobeh
 12279 | D:10     | Noticed a cyan ugly thing
 12545 | D:10     | Noticed a rust devil
 12551 | D:10     | Killed a cyan ugly thing
 12551 | D:10     | Reached skill level 10 in Unarmed Combat
 12659 | Lair:1   | Entered Level 1 of the Lair of Beasts
 12741 | Lair:1   | Noticed a four-headed hydra
 13097 | D:11     | Noticed Urug
 13110 | D:11     | Killed Urug
 13110 | D:11     | Reached skill level 3 in Dodging
 13110 | D:11     | Reached XP level 11. HP: 63/84 MP: 14/17
 13174 | D:11     | Received a gift from Nemelex Xobeh
 13201 | D:11     | Reached skill level 4 in Dodging
 13648 | D:11     | Noticed a two-headed ogre
 13663 | D:11     | Killed a two-headed ogre
 13663 | D:11     | Reached skill level 5 in Dodging
 13683 | D:11     | Noticed a two-headed ogre
 13707 | D:11     | Killed a two-headed ogre
 13803 | D:11     | HP: 1/86 [slime creature (7)]
 13811 | D:11     | HP: 4/86 [large slime creature (37)]
 14033 | D:11     | Reached skill level 6 in Dodging
 14126 | D:11     | Found a sacrificial altar of Ru.
 14152 | D:11     | Received a gift from Nemelex Xobeh
 14666 | Lair:1   | Killed a seven-headed hydra
 14985 | Lair:1   | Reached skill level 7 in Dodging
 15447 | Lair:1   | Identified the Guide on Enchanting Illusion
 15489 | Lair:1   | Found a runed door.
 15493 | Lair:1   | Noticed Gareihy's ghost (journeyman GnWr)
 15525 | Lair:1   | Received a gift from Nemelex Xobeh
 15948 | Lair:1   | Killed Gareihy's ghost
 16094 | Lair:2   | Reached **** piety under Nemelex Xobeh
 16173 | Lair:2   | Noticed Gastronok
 16181 | Lair:2   | Killed Gastronok
 16181 | Lair:2   | Reached skill level 8 in Dodging
 16414 | Lair:2   | Reached skill level 5 in Spellcasting
 16414 | Lair:2   | Reached XP level 12. HP: 85/96 MP: 11/19
 16419 | Lair:2   | Found a staircase to the Snake Pit.
 16940 | Lair:2   | Reached skill level 9 in Dodging
 17319 | Lair:2   | Noticed a seven-headed hydra
 17325 | Lair:2   | Killed an eight-headed hydra
 17555 | Lair:2   | Reached skill level 10 in Fighting
 17955 | Lair:2   | Reached skill level 1 in Evocations
 18267 | Lair:2   | Found a staircase to the Swamp.
 18332 | Lair:3   | Noticed Fannar
 18406 | Lair:2   | Noticed Harold
 18415 | Lair:2   | Killed Harold
 18483 | Lair:3   | Killed Fannar
 18621 | Lair:3   | Reached skill level 10 in Dodging
 18735 | Lair:3   | Reached ***** piety under Nemelex Xobeh
 19009 | Lair:3   | Found a frozen archway.
 19025 | Lair:3   | Noticed a seven-headed hydra
 19035 | Lair:3   | Identified the -1 trident "Uplimev" {venom, *Corrode +Blink
                  | rF+ Int+5}
 19038 | Lair:3   | Killed a seven-headed hydra
 19107 | Lair:3   | Received a gift from Nemelex Xobeh
 19168 | Lair:3   | Identified a +1 pair of boots of running (You found it on
                  | level 3 of the Lair of Beasts)
 19200 | Lair:3   | Found a runed gate.
 19206 | Lair:3   | Found a shadowy altar of Dithmenos.
 19206 | Lair:3   | Found a runed gate.
 19207 | Lair:3   | Found a runed gate.
 19244 | Lair:3   | Noticed zkyp's ghost (journeyman TeGl)
 19755 | Lair:4   | Noticed an eight-headed hydra
 19756 | Lair:4   | Noticed a satyr
 19756 | Lair:4   | an eight-headed hydra changed into a satyr
 19764 | Lair:4   | Killed a satyr
 20020 | Lair:4   | Received a gift from Nemelex Xobeh
 20561 | D:12     | Found a shimmering altar of Xom.
 20790 | D:12     | HP: 3/97 [white ugly thing (35)]
 21301 | D:12     | Received a gift from Nemelex Xobeh
 21308 | D:12     | Found Woatwaat's Profane Products.
 21310 | D:12     | Found an ancient bone altar of Kikubaaqudgha.
 21411 | D:12     | Reached XP level 13. HP: 103/103 MP: 22/22
 21587 | D:10     | Noticed Snorg
 21594 | D:10     | Killed Snorg
 21645 | D:10     | Found a staircase to the Orcish Mines.
 21842 | Orc:1    | Entered Level 1 of the Orcish Mines
 21853 | Orc:1    | Paralysed by an orc sorcerer for 7 turns
 22421 | Orc:1    | Received a gift from Nemelex Xobeh
 22600 | Orc:2    | Entered Level 2 of the Orcish Mines
 23342 | Orc:2    | Noticed Erolcha
 23355 | Orc:2    | Killed Erolcha
 23578 | Orc:2    | Found Qackesed's Assorted Antiques.
 24020 | Orc:1    | Reached skill level 10 in Invocations
 24258 | Orc:2    | HP: 1/103 [two-headed ogre/+0 giant spiked club (22)]
 24662 | Orc:2    | Noticed an ogre mage
 24669 | Orc:2    | Killed an ogre mage
 24768 | Orc:2    | Found a roughly hewn altar of Beogh.
 25405 | Orc:2    | Reached skill level 11 in Dodging
 25575 | Orc:2    | Found Wighab's Food Shop.
 25598 | Orc:2    | Found Juysiodd's Antique Weapon Shoppe.
 25606 | Orc:2    | Found Taetireng's Book Shop.
 25716 | Orc:2    | Found a staircase to the Elven Halls.
 25786 | Orc:1    | Reached XP level 14. HP: 94/111 MP: 17/23
 25844 | Orc:1    | Found Kaim's Food Shop.
 26129 | Orc:1    | Found a roughly hewn altar of Beogh.
 26173 | Orc:1    | Received a gift from Nemelex Xobeh
 26345 | D:12     | Noticed Nessos
 26362 | D:12     | Killed Nessos
 26940 | D:12     | Reached skill level 5 in Armour
 26994 | D:12     | Noticed Frances
 27021 | D:12     | Killed Frances
 27049 | D:12     | Noticed Psyche
 27065 | D:12     | Killed Psyche
 27343 | D:13     | Reached skill level 12 in Dodging
 27344 | D:13     | Found Cheibriados's Comfort Zone.
 27352 | D:13     | Found a snail-covered altar of Cheibriados.
 27706 | D:13     | Reached skill level 1 in Bows
 27708 | D:13     | Received a gift from Nemelex Xobeh
 28630 | D:14     | Found a basalt altar of Yredelemnul.
 29265 | D:14     | Received a gift from Nemelex Xobeh
 29388 | D:14     | Found a gate to the Vaults.
 29722 | D:14     | Reached skill level 13 in Dodging
 30185 | D:15     | Entered Level 15 of the Dungeon
 30557 | D:15     | Received a gift from Nemelex Xobeh
 30629 | D:15     | Found a staircase to the Depths.
 30814 | D:15     | Found a stormy altar of Qazlal.
 30848 | D:15     | Reached ****** piety under Nemelex Xobeh
 31063 | D:15     | Noticed a fire giant
 31118 | D:15     | Killed a fire giant
 31211 | D:15     | Noticed a storm dragon
 31550 | D:9      | Identified 2 scrolls of acquirement
 31632 | Swamp:1  | Entered Level 1 of the Swamp
 31632 | Swamp:1  | Received a gift from Nemelex Xobeh
 31664 | Swamp:1  | Reached XP level 15. HP: 81/120 MP: 20/24
 32077 | Swamp:1  | Noticed a thorn hunter
 32490 | Lair:2   | HP: 5/120 [alligator (9)]
 32996 | Lair:2   | Reached skill level 5 in Evocations
 33041 | Swamp:1  | Reached skill level 5 in Bows
 34258 | Swamp:1  | Received a gift from Nemelex Xobeh
 34385 | Swamp:1  | Killed a thorn hunter
 35500 | Swamp:2  | Noticed Louise
 35830 | Swamp:3  | Noticed a thorn hunter
 36709 | Swamp:2  | Killed Louise
 36727 | Swamp:2  | Noticed a ghoul
 37254 | Swamp:2  | Killed a ghoul
 37471 | Swamp:3  | Identified Roxanne's Almanac of Clay
 37471 | Swamp:3  | Noticed Roxanne
 37816 | Swamp:3  | Noticed a thorn hunter
 37827 | Swamp:3  | Killed a thorn hunter
 37827 | Swamp:3  | Reached skill level 14 in Dodging
 38087 | Swamp:3  | Killed a thorn hunter
 38128 | Swamp:3  | Noticed Jorgrun
 38592 | Swamp:2  | HP: 3/124 [alligator[an alligator] (7)]
 38601 | Swamp:2  | Slain by an alligator

Vault maps used:
D:1:      saegor_arrival_simple_c, cheibriados_altar_1
D:2:      minmay_recursive_quarters, first_ration, minmay_misc_feat_cross
D:3:      minitemple, gammafunk_temple_overflow_forgotten,
          cheibrodos_sewer_entry_drain, chequers_ecumenical_altar_simple_redux,
          dk_noncrumbling_4, uniq_ijyb
D:4:      minmay_temple_entry_ruins
D:5:      lemuel_round_altar, serial_shops, shop, grunt_decor_one_mirror,
          uniq_blork_the_orc
D:6:      nicolae_ossuary_entry_giza, ashenzari_altar_1
D:7:      zin_angel, grunt_ogre_cave, hex_tiny
D:8:      kennysheep_mini_moat, lemuel_coloured_pillars_altar, minmay_nine_imps,
          uniq_grum, uniq_prince_ribbit1
D:9:      old_standard_altar, dancing_weapons_uskayaw, dpeg_oklobed_lair,
          xom_shifter_show
D:10:     david_orc_1_choice, uniq_snorg
D:11:     glass_columns_b, hangedman_ru_absence, uniq_urug
D:12:     basic_altar, nicolae_evil_shop, uniq_frances, uniq_psyche, uniq_nessos
D:13:     minmay_shop_chei
D:14:     grunt_vaults_entry_tiered, basic_altar, kennysheep_cross_bottleneck,
          serial_curves, eino_curves_03, eino_curves_04, eino_curves_02
D:15:     grunt_enter_depths_hoard, nicolae_dithmenos_through_a_glass_darkly,
          basic_altar, minmay_diamond_spiral
Temple:   minmay_temple_curvy_loop
Lair:1:   ebering_ghost_reflecting_pool, lightli_volcano_entry_magma_tube
Lair:2:   nicolae_swamp_entry_splash_gauntlet,
          minmay_snake_entry_guardpost_small, infiniplex_staircase_pool_2,
          grunt_megastairs_4, serial_bayou_shore_a, uniq_gastronok, uniq_harold
Lair:3:   basic_altar, portal_ice_cave_rime, gammafunk_ghost_icy, uniq_fannar
Lair:4:   minmay_lair_oklob_chamber, lemuel_fruit_tree
Swamp:1:  evilmike_swamp_ruin_house_2, swamp_pool1, nicolae_swamp_round_clearing
Swamp:2:  nicolae_swamp_stair_fork, swamp_pool1, hangedman_swamp_ravenous,
          uniq_louise
Swamp:3:  hangedman_swamp_lotus, uniq_roxanne, uniq_jorgrun
Orc:1:    basic_altar, serial_shops, shop
Orc:2:    st_orc_open, mines1_david, uniq_erolcha
Sewer:    sewer_minmay_treatment
Ossuary:  ossuary_zaba_two_paths

Skill      XL: |  1  2  3  4  5  6  7  8  9 10 11 12 13 14 15 |
---------------+----------------------------------------------+-----
Transmutations | 3 4 5 6 7 10 11 13 | 13.2
Unarmed Combat | 4 5 6 7 8 10 11 12 | 12.6
Invocations    | 2 5 7 8 9 10 | 10.6
Spellcasting   | 3 4 5 6 |  6.4
Fighting       | 4 5 7 9 10 12 13 | 13.2
Armour         | 2 4 5 6 |  6.0
Dodging        | 3 8 10 11 13 14 | 14.1
Evocations     | 4 6 |  6.2
Bows           | 4 5 |  5.1

Action                   |  1- 3 |  4- 6 |  7- 9 | 10-12 | 13-15 || total
-------------------------+-------+-------+-------+-------+-------++-------
Melee: Unarmed           |   108 |   275 |   534 |   554 |  1016 ||  2487
       Headbutt          |     8 |     3 |    10 |       |       ||    21
       Punch             |     1 |     3 |    12 |    21 |    63 ||   100
       Tailslap          |       |     2 |       |     1 |    11 ||    14
 Fire: Longbow           |       |       |       |       |     6 ||     6
 Cast: Beastly Appendage |     7 |     6 |     7 |     1 |       ||    21
       Sticks to Snakes  |     7 |    40 |    41 |    50 |   105 ||   243
       Spider Form       |       |     8 |    12 |       |       ||    20
       Blade Hands       |       |       |     3 |    49 |    86 ||   138
Invok: Stack Five        |       |       |       |       |     2 ||     2
 Abil: Draw Destruction  |       |       |     8 |    18 |    20 ||    46
       Draw Summoning    |       |       |     9 |    15 |    22 ||    46
       Draw Escape       |       |       |     1 |     4 |     1 ||     6
       Draw Stack        |       |       |       |       |     5 ||     5
Evoke: Wand              |       |       |       |     2 |    17 ||    19
       Phial of floods   |       |       |       |     1 |     1 ||     2
  Use: Scroll            |       |     7 |     3 |    16 |    15 ||    41
       Potion            |       |     2 |     3 |     7 |     6 ||    18
 Stab: Sleeping          |       |     2 |       |       |       ||     2
       Distracted        |       |     3 |     2 |     4 |     6 ||    15
       Petrifying        |       |       |       |       |     3 ||     3
  Eat: Chunk             |     1 |    14 |    14 |    21 |    35 ||    85
       Ration            |       |     1 |     3 |    10 |    12 ||    26
Armor: Robe              |    17 |       |       |       |       ||    17
       Leather armour    |    14 |    52 |    93 |       |       ||   159
       Skin              |       |     4 |     2 |       |       ||     6
       Ring mail         |       |       |    12 |   126 |       ||   138
       Scale mail        |       |       |       |       |   406 ||   406
Dodge: Dodged            |   103 |   197 |   257 |   321 |   902 ||  1780
Block: Other             |       |       |    27 |    39 |    84 ||   150
       Reflection        |       |       |     1 |     1 |     2 ||     4

Table legend:
 A = Non-vault XP
 B = Vault XP
 C = Vault XP percentage of total XP
 D = Non-vault monster count
 E = Vault monster count
 F = Vault count percentage of total count
                 A         B        C        D         E       F
            +---------+---------+-------+---------+---------+-------
      Total |   77445 |   42768 |  35.6 |     537 |     248 |  31.6
            +---------+---------+-------+---------+---------+-------
        D:1 |      41 |       2 |   4.7 |      27 |       1 |   3.6
        D:2 |      71 |      21 |  22.8 |      26 |       6 |  18.8
        D:3 |     247 |      35 |  12.4 |      20 |       3 |  13.0
        D:4 |     437 |       0 |   0.0 |      13 |       0 |   0.0
        D:5 |     224 |      89 |  28.4 |      11 |       1 |   8.3
        D:6 |     950 |      18 |   1.9 |      32 |       3 |   8.6
        D:7 |     550 |     103 |  15.8 |      20 |       1 |   4.8
        D:8 |     442 |     896 |  67.0 |      14 |      14 |  50.0
        D:9 |    1187 |       0 |   0.0 |      31 |       0 |   0.0
       D:10 |    4698 |    1207 |  20.4 |      43 |      10 |  18.9
       D:11 |    4336 |     819 |  15.9 |      32 |       1 |   3.0
       D:12 |    3227 |    2645 |  45.0 |      32 |       3 |   8.6
       D:13 |    3995 |       0 |   0.0 |      20 |       0 |   0.0
       D:14 |    8207 |    6816 |  45.4 |      25 |      25 |  50.0
       D:15 |    3489 |    2817 |  44.7 |      17 |       4 |  19.0
     Lair:1 |    3232 |    1244 |  27.8 |      13 |       4 |  23.5
     Lair:2 |    5942 |    3858 |  39.4 |      19 |      13 |  40.6
     Lair:3 |    2205 |    1412 |  39.0 |       8 |       2 |  20.0
     Lair:4 |    1860 |     623 |  25.1 |       7 |       2 |  22.2
    Swamp:1 |   13134 |     172 |   1.3 |      32 |       1 |   3.0
    Swamp:2 |    4273 |    4149 |  49.3 |      12 |      13 |  52.0
    Swamp:3 |    9938 |       0 |   0.0 |      15 |       0 |   0.0
      Orc:1 |    2115 |    3902 |  64.8 |      30 |       8 |  21.1
      Orc:2 |    2645 |   11612 |  81.4 |      38 |      30 |  44.1
      Sewer |       0 |     121 | 100.0 |       0 |      48 | 100.0
    Ossuary |       0 |     207 | 100.0 |       0 |      55 | 100.0
            +---------+---------+-------+---------+---------+-------
